Buon viaggio, chaotic female elven Rogue ----- ------- ----------- |...| |.....-- |.........| #-....##I##I#% +......| |.........| #|...| # ------ |..[...| ------ |>........| #-.-|- ##+....| |.....`| .....| -.-.------- # # |...!.## |.....-- # |....| ###### # ### |....|## # -----.-######.....| #### # # ------P?############## # |....| #### # ### # # # # |.._.| ######## # # # # # |....| -------|---.----# ##########I#### # # ------ |..............-# -+------# |..............| |....*.|# |..........<....# |.......# ---------------- |......| |.|....| -------- Buon viaggio the Rogue Experience level: 6 Strength: 15 Dexterity: 19 Constitution: 14 Intelligence: 9 Wisdom: 7 Charisma: 9 Health: 0(40) Energy: 26(26) Def: 8 Gold: 356 Moves: 3701 Dungeon seed: LC_AexAKRCoWjsav Game ID: Buon viaggio_1530168369 Your Inventory: Coins $ - 356 gold pieces Weapons a - an uncursed +1 orcish dagger named Dagger of Reckoning (weapon in hand) m - a blessed +0 elven short sword t - 8 uncursed +0 elven daggers (in quiver) Armor n - a blessed +2 large shield (being worn) q - an uncursed +0 orcish helm (being worn) y - a blessed +0 elven mithril-coat (being worn) Comestibles i - 2 uncursed apples j - 2 uncursed food rations l - an uncursed tripe ration s - an uncursed eucalyptus leaf Scrolls L - an uncursed scroll of identify Spellbooks k - an uncursed spellbook of knock Potions D - a cursed potion of monster detection S - an uncursed potion of levitation Rings r - a cursed -2 ring of adornment Z - an uncursed ring of teleport control Wands h - an uncursed wand of opening (0:3) A - an uncursed wand of make invisible (0:2) Tools b - an uncursed sack o - an uncursed lock pick B - an uncursed blindfold Contents of the sack: 178 gold pieces a [uncursed] scroll of scare monster an uncursed potion of sickness a [blessed] potion of speed Spells and supernatural/magical abilities: Name Level Category Fail Memory W - pray for help -- divine ? -- Your skills at the end: Miscellaneous Skills wands [Basic] Weapon Skills dagger [Skilled] short sword [Basic] Spellcasting Skills Final Attributes: You were piously aligned. You were sleep resistant. Your writing hand was thoroughly cramped from overuse. You were telepathic. You had infravision. You were invisible. You were stealthy. You were lucky. You are dead. Vanquished creatures: a small mimic a lizard 4 brown puddings a paper golem 4 floating eyes a kobold shaman an iguana a jitterbug a giant bat 5 orc zombies a dwarf zombie 2 geckos 2 hobgoblins 2 giant rats a red mold 6 manes 10 jackals 7 newts a goblin 8 grid bugs 2 lichens 62 creatures vanquished. Voluntary challenges: You did not adorn yourself with jewelry or accessories. You did not cause conflict. You did not have reflection. You were not displaced. You had been an atheist until turn 2712. You used a wielded weapon 106 times, starting on turn 45. You did not apply a unicorn horn. You did not use plumbed fixtures. You did not drink any magical draughts. You read items or engraved 9 times, starting on turn 950. You never genocided any monsters. You never polymorphed an object. You never changed form. You used no wishes. You split 4 puddings, starting on turn 2685. You wrote Elbereth's name 4 times, starting on turn 2817. You never violated your personal moral code. Dungeon overview: The Dungeons of Doom: levels 1 to 8 Level 1 a fountain a long staircase Level 2 a general store, a fountain Level 3 a fountain stairs to The Gnomish Mines Level 4 Level 5 a general store, a fountain Level 6 a fountain Level 7 (invisible blood ...) <- You were here an altar to Kos Level 8 The Gnomish Mines: Level 4 stairs to The Dungeons of Doom History has recorded: On T:1 you entered the Dungeons of Doom to retrieve the Amulet of Yendor! On T:305 you reached level 2 of The Dungeons of Doom. On T:713 you reached level 3 of The Dungeons of Doom. On T:820 you advanced to experience level 2. On T:994 you reached level 1 of The Gnomish Mines. On T:1026 you reached level 4 of The Dungeons of Doom. On T:1401 you reached level 5 of The Dungeons of Doom. On T:1406 you advanced to experience level 3. On T:1537 you advanced to experience level 4. On T:1685 you reached level 6 of The Dungeons of Doom. On T:1827 you advanced to experience level 5. On T:2061 you reached level 7 of The Dungeons of Doom. On T:2169 you reached level 8 of The Dungeons of Doom. On T:3168 you advanced to experience level 6. Score breakdown: Gold: 534 ( 53 points) Experience: 6 levels ( 500 points) Exploration: 8 levels ( 210 points) Discoveries: 13 items ( 650 points) Variety of kills: 21 monsters ( 1050 points) Major goal: (nothing yet) ( 0 points) Survival: died (score multiplied by 3) Total score: 7389 Latest messages: You stop picking the lock. You stab the iguana. The iguana bites! You stab the iguana! You kill the iguana! Something is written here in the dust. You read: "E b?r?-h". You stab the paper golem. The paper golem misses. You stab the paper golem. The paper golem misses. You stab the paper golem. The paper golem claws you! You stab the paper golem. The paper golem claws you! You stab the paper golem. The paper golem misses. You stab the paper golem. The paper golem claws you! You destroy the paper golem! The blood pudding bites! (2x) You die... Final status: Goodbye Buon viaggio the Rogue, killed by a blood pudding... You died in The Dungeons of Doom on dungeon level 7 with 7389 points, and 534 pieces of gold, after 3701 moves. You were level 6 with a maximum of 40 hit points when you died.